 Dungeon Sprint DCSS version 0.30-a0-469-g84de5afbc5 (webtiles) character file.

Game seed: 7648645388112804315

2400000 NinjaNoafa the Spry (level 16, -19/132 HPs)
             Began as a Djinni Warper on Dec 19, 2022.
             Was a High Priest of Makhleb.
             Demolished by a meat berserker
             ... wielding a +9 battleaxe
              (82 damage)
             ... in the Dungeon (Sprint VIII: "Arena of Blood").
             The game lasted 00:00:35 (24 turns).

NinjaNoafa the Spry (Djinni Warper)                   Turns: 24, Time: 00:00:35

Health: -19/132    AC:  5    Str: 10    XL:     16   Next: 40%
Gold:   0          EV: 25    Int: 17    God:    Makhleb [*****.] SH:  0 Dex: 19

rFire   + + .      SeeInvis .    i - +∞ Axe of Woe
rCold   x . .      Faith    .    (shield currently unavailable)
rNeg    . . .      Spirit   .    b - +0 leather armour
rPois   ∞          Reflect  .    (no helmet)
rElec   .          Harm     .    (no cloak)
rCorr   .          Rampage  .    (no gloves)
Will    +....      NoTele   +    (boots unavailable)
Stlth   +.........               (no amulet)
HPRegen 0.42/turn                (no ring)
MPRegen 0.00/turn                (no ring)

@: swift, flying, quick
A: sickness immunity, fire resistance 2, cold vulnerability 1, float, innate
caster, HP casting, extra vitality 1
a: Renounce Religion, Minor Destruction, Lesser Servant of Makhleb, Major
Destruction, Greater Servant of Makhleb


You were in the Dungeon.
You worshipped Makhleb.
Makhleb was extremely pleased with you.
You visited 1 branch

Inventory:

Hand Weapons
 a - a +0 hand axe
 i - the +∞ Axe of Woe (weapon)
   (You found it in the Dungeon)
Missiles
 d - 7 boomerangs of dispersal (quivered)
Armour
 b - a +0 leather armour (worn)
Scrolls
 c - 2 scrolls of blinking
Potions
 e - a potion of curing
 f - a potion of heal wounds
 g - a potion of haste
 h - a potion of berserk rage


   Skills:
 + Level 18.1 Fighting
 + Level 15.5 Axes
 + Level 15.4 Throwing
 + Level 18.1 Armour
 + Level 19.7 Dodging
 + Level 14.4 Spellcasting
 + Level 18.0 Invocations


You had 3 spell levels left.
You knew the following spells:

 Your Spells              Type           Power      Damage    Failure   Level
a - Blink                 Tloc           100%       N/A       1%          2
b - Lesser Beckoning      Tloc           100%       N/A       1%          3
c - Vhi's Electric Charg  Tloc/Air       100%       N/A       1%          3
d - Teleport Other        Tloc           57%        N/A       1%          3
e - Manifold Assault      Tloc           57%        N/A       1%          4
f - Kiss of Death         Conj/Necr      100%       2d13      0%          1
g - Static Discharge      Conj/Air       100%       2-7/arc   1%          2
h - Swiftness             Air            57%        N/A       1%          3
i - Passage of Golubria   Tloc           57%        N/A       1%          4
j - Airstrike             Air            28%        2d(5-21)  1%          4
k - Agony                 Necr           57%        N/A       1%          5
l - Dispersal             Tloc           28%        N/A       2%          6
Your spell library was empty.

Dungeon Overview and Level Annotations

Branches:
Dungeon (1/1)

Altars:
Makhleb


Innate Abilities, Weirdness & Mutations

You are immune to sickness and miasma.
You are immune to poison.
Your flesh is very heat resistant. (rF++)
You are vulnerable to cold. (rC-)
You float through the air rather than walking.
You learn spells naturally, not from books.
Your magical power is your life essence.
You have superior vitality. (+4 MHP)


Message History

The bag of meat hits you with a +9 war axe!
The bag of meat shouts!
You hear a shout!
You hear two shouts!
Your Fighting skill increases to level 18!
Your Axes skill increases to level 15!
Your Throwing skill increases to level 15!
Your Armour skill increases to level 18!
Your Dodging skill increases to level 19!
Your Spellcasting skill increases to level 14!
Your Invocations skill increases to level 18!
You have reached level 16!
You feel clever.
You slash the meat berserker!
You dissect the meat berserker like a pig carcass.
You kill the meat berserker!
Makhleb accepts your kill.
You feel better.
You hit the bag of meat.
You dissect the bag of meat like a pig carcass.
You kill the bag of meat!
Makhleb accepts your kill.
You can now hurl Makhleb's greater destruction.
You slice the bag of meat!!
You hew the bag of meat savagely.
You kill the bag of meat!
Makhleb accepts your kill.
You hit the meat berserker.
You cleave the meat berserker in twain.
You kill the meat berserker!
Makhleb accepts your kill.
You slash the meat berserker!
You cleave the meat berserker in twain.
You kill the meat berserker!
Makhleb accepts your kill.
You can now summon a greater servant of Makhleb.
The large bag of meat appears out of thin air!
A large bag of meat comes into view. It is wielding a +9 giant spiked club.
The large bag of meat shouts in stereo!
You hear a shout!
The meat berserker is engulfed in blazing flames.
You hear a shout! x5
The meat berserker hits you with a +9 battleaxe!!!
Ouch! That really hurt!
The meat berserker hits you with a +9 battleaxe!!!!
Ouch! That really hurt!
You die...

....... .....oo
..o...O....
.o...o.o. #.......#
.#. #o.O....# .
.....###O......###..
.....§.@O.###....O.
..#...°O).._.......
#....§oO#.).))#....
......o.#_.<._# .
#..O.oO.#..oo.#
.O#........_.Oo.. .
.o.O....###o..o..
....###.. ..###O.
#.. ..# .


You could see 4 large bags of meat, 7 meat berserkers and 15 bags of meat.

Vanquished Creatures
  6 ogres (D)
  A two-headed ogre (D)
  7 orcs (D)
14 creatures vanquished.

Notes
Turn   | Place    | Note
-------+----------+-------------------------------------------
     0 | D        | Found the +∞ Axe of Woe
     0 | D        | NinjaNoafa the Djinni Warper began the quest for the Orb.
     0 | D        | NinjaNoafa set off with the following spells memorised:
                  | Blink, Lesser Beckoning, Vhi's Electric Charge, Teleport
                  | Other, Manifold Assault.
     0 | D        | Reached XP level 1. HP: 18/18 MP: 0/0
     4 | D        | Became a worshipper of Makhleb the Destroyer
     4 | D        | Noticed a bag of meat
     5 | D        | Noticed a bag of meat
     8 | D        | Noticed a bag of meat
    10 | D        | Killed a bag of meat
    11 | D        | Reached skill level 10 in Fighting
    11 | D        | Reached skill level 10 in Armour
    11 | D        | Reached skill level 11 in Dodging
    11 | D        | Reached skill level 10 in Invocations
    11 | D        | Reached XP level 2. HP: 35/35 MP: 0/0
    11 | D        | Reached XP level 3. HP: 40/40 MP: 0/0
    11 | D        | Learned a level 1 spell: Kiss of Death
    11 | D        | Reached XP level 4. HP: 46/46 MP: 0/0
    11 | D        | Reached XP level 5. HP: 51/51 MP: 0/0
    11 | D        | Learned a level 2 spell: Static Discharge
    11 | D        | Reached XP level 6. HP: 58/58 MP: 0/0
    11 | D        | Reached XP level 7. HP: 63/63 MP: 0/0
    11 | D        | Learned a level 3 spell: Swiftness
    11 | D        | Reached XP level 8. HP: 68/68 MP: 0/0
    11 | D        | Reached XP level 9. HP: 74/74 MP: 0/0
    11 | D        | Learned a level 4 spell: Passage of Golubria
    11 | D        | Reached XP level 10. HP: 80/80 MP: 0/0
    11 | D        | Reached XP level 11. HP: 85/85 MP: 0/0
    11 | D        | Learned a level 4 spell: Airstrike
    11 | D        | Killed a bag of meat
    11 | D        | Reached * piety under Makhleb
    11 | D        | Noticed a meat berserker
    12 | D        | Reached skill level 10 in Axes
    12 | D        | Reached skill level 12 in Dodging
    12 | D        | Reached XP level 12. HP: 94/94 MP: 0/0
    12 | D        | Noticed a bag of meat
    13 | D        | Noticed a meat berserker
    14 | D        | Killed a bag of meat
    14 | D        | Noticed a bag of meat
    15 | D        | Reached skill level 10 in Throwing
    15 | D        | Reached skill level 14 in Dodging
    15 | D        | Reached skill level 10 in Spellcasting
    15 | D        | Reached XP level 13. HP: 96/102 MP: 0/0
    15 | D        | Learned a level 5 spell: Agony
    15 | D        | Noticed a meat berserker
    16 | D        | Killed a meat berserker
    16 | D        | Noticed a bag of meat
    17 | D        | Reached skill level 15 in Dodging
    17 | D        | Reached XP level 14. HP: 106/112 MP: 0/0
    17 | D        | Killed a meat berserker
    17 | D        | Reached ** piety under Makhleb
    17 | D        | Killed a bag of meat
    17 | D        | Noticed a meat berserker
    17 | D        | Noticed a meat berserker
    17 | D        | Noticed a bag of meat
    18 | D        | Reached skill level 15 in Fighting
    18 | D        | Reached skill level 15 in Armour
    18 | D        | Reached skill level 17 in Dodging
    18 | D        | Reached skill level 15 in Invocations
    18 | D        | Reached XP level 15. HP: 75/121 MP: 0/0
    18 | D        | Learned a level 6 spell: Dispersal
    18 | D        | Killed a meat berserker
    19 | D        | Reached skill level 18 in Dodging
    19 | D        | Noticed a meat berserker
    20 | D        | Reached *** piety under Makhleb
    20 | D        | Noticed a meat berserker
    21 | D        | Noticed a meat berserker
    21 | D        | Noticed a meat berserker
    21 | D        | Noticed a meat berserker
    21 | D        | Noticed a meat berserker
    21 | D        | Noticed a meat berserker
    21 | D        | Noticed a large bag of meat
    21 | D        | Noticed a meat berserker
    21 | D        | Noticed a meat berserker
    22 | D        | Noticed a large bag of meat
    22 | D        | Noticed a large bag of meat
    23 | D        | Noticed a meat berserker
    23 | D        | Killed a large bag of meat
    23 | D        | Noticed a large bag of meat
    24 | D        | Reached skill level 15 in Axes
    24 | D        | Reached skill level 15 in Throwing
    24 | D        | Reached skill level 19 in Dodging
    24 | D        | Reached XP level 16. HP: 102/132 MP: 0/0
    24 | D        | Killed a meat berserker
    24 | D        | Reached **** piety under Makhleb
    24 | D        | Killed a meat berserker
    24 | D        | Killed a meat berserker
    24 | D        | Reached ***** piety under Makhleb
    24 | D        | Noticed a large bag of meat
    24 | D        | Demolished by a meat berserker

Illustrated notes

Levels and vault maps discovered:
D:        meatsprint

Skill      XL: |  1  2  3  4  5  6  7  8  9 10 11 12 13 14 15 |
---------------+----------------------------------------------+-----
Fighting       | 10 11 12 14 15 18 | 18.1
Axes           | 8 10 12 13 15 | 15.5
Throwing       | 8 9 10 12 13 15 | 15.4
Armour         | 10 11 12 14 15 18 | 18.1
Dodging        | 11 12 14 15 17 19 | 19.7
Spellcasting   | 8 9 10 11 12 14 | 14.4
Invocations    | 10 11 12 14 15 18 | 18.0

Action                   |  1- 3 |  4- 6 |  7- 9 | 10-12 | 13-15 | 16-18 || total
-------------------------+-------+-------+-------+-------+-------+-------++-------
Melee: Executioner's axe |     1 |       |       |     2 |     5 |     1 ||     9
 Cast: Swiftness         |       |       |       |     1 |       |       ||     1
       Airstrike         |       |       |       |     1 |       |       ||     1
       Passage of Golubr |       |       |       |       |     1 |       ||     1

Table legend: (Time is in decaauts)
 A = Elapsed time spent in this place.
 B = Non-inter-level travel time spent in this place.
 C = Inter-level travel time spent in this place.
 D = Time resting spent in this place.
 E = Time spent auto-exploring this place.
 F = Levels seen in this place.
 G = Mean time per level.
                   A        B        C        D        E       F      G
               +--------+--------+--------+--------+--------+-----+--------+
         Total |     26 |     26 |      0 |      0 |      0 |   1 |   26.0 |
       Dungeon |     26 |     26 |      0 |      0 |      0 |   1 |   26.0 |
               +--------+--------+--------+--------+--------+-----+--------+

Top non-repeatable levels by time:
       D: 26 daAuts
